[Event "Team 45 45 League T41"]
[Site "Internet Chess Club"]
[Date "2009.05.30"]
[Round "5"]
[White "Egmont"]
[Black "dpawn"]
[Result "1-0"]
[WhiteElo "1748"]
[BlackElo "1904"]
[Opening "Ruy Lopez: Berlin defense, open variation"]
[ECO "C67"]
[Time "14:09:23"]
[TimeControl "2700+45"]

1. e4 e5 2. Nf3 Nc6 3. Bb5 Nf6 4. O-O Nxe4 5. Nxe5 Nxe5 6. Qe2 Nd6 7. Qxe5+ Be7
8. Qxg7 Rf8 9. Ba4 c5 10. c3 Qa5 11. Bc2 c4 12. d4 cxd3 13. Bxd3 Qd5 14. Bc2 b6
15. Bd1 Qd3 16. Bf3 Ba6 17. Rd1 Qc2 18. Re1 O-O-O 19. Qd4 Rde8 20. Na3 Qg6 21.
Bf4 Bb7 22. Bxb7+ Nxb7 23. Nb5 Nc5 24. Qd5 {Black resigns} 1-0

[Event "Team 45 45 League T41"]
[Site "Internet Chess Club"]
[Date "2009.05.31"]
[Round "5"]
[White "Majamutu"]
[Black "PandorasBox"]
[Result "1/2-1/2"]
[WhiteElo "2029"]
[BlackElo "2226"]
[Opening "French defense"]
[ECO "C01"]
[Time "16:04:19"]
[TimeControl "2700+45"]

1. e4 e6 2. d4 g5 3. h4 g4 4. Qxg4 Nf6 5. Qf3 Nc6 6. c3 d6 7. Bd3 h6 8. Ne2 Rg8
9. Ng3 Bd7 10. Na3 Qe7 11. Bd2 O-O-O 12. O-O-O Kb8 13. Kb1 Ng4 14. Nc2 a5 15.
Ne3 e5 16. d5 Nxe3 17. Qxe3 Na7 18. c4 a4 19. Rc1 c5 20. Rcg1 a3 21. b3 b5 22.
cxb5 Nxb5 23. Nf5 Bxf5 24. Bxb5 Bd7 25. Qe2 Bxb5 26. Qxb5+ Qb7 27. Qa5 Bg7 28.
Qxa3 f5 29. f3 Qb5 30. Kc2 Qe2 31. exf5 e4 32. Qa5 e3 33. Qb6+ Kc8 34. Qc6+
{Game drawn by mutual agreement} 1/2-1/2

[Event "Team 45 45 League T41"]
[Site "Internet Chess Club"]
[Date "2009.05.27"]
[Round "5"]
[White "Despair"]
[Black "frank001"]
[Result "0-1"]
[WhiteElo "1906"]
[BlackElo "1968"]
[Opening "Benko's opening"]
[ECO "A00"]
[Time "23:02:30"]
[TimeControl "2700+45"]

1. g3 e5 2. Bg2 d5 3. c4 Nf6 4. Nf3 e4 5. Ne5 Bd6 6. d4 exd3 7. Nxd3 dxc4 8.
Qa4+ c6 9. Qxc4 O-O 10. Nc3 Nbd7 11. O-O h6 12. Rd1 Qe7 13. Bf4 Bxf4 14. Qxf4
Nb6 15. e4 Be6 16. e5 Nfd5 17. Qd4 Rfd8 18. Nxd5 Nxd5 19. Be4 Nb6 20. Qc5 Qc7
21. b3 Nd7 22. Qc2 Nxe5 23. Nxe5 Qxe5 24. Re1 Qf6 25. Rac1 Rd7 26. Bh7+ Kh8 27.
Be4 Rad8 28. Rcd1 Rd4 29. Rd3 Rxd3 30. Bxd3 Qd4 31. Bf5 Qd2 32. Qc5 Qxe1+ {White
resigns} 0-1

[Event "Team 45 45 League T41"]
[Site "Internet Chess Club"]
[Date "2009.05.28"]
[Round "5"]
[White "Intelectual"]
[Black "matein7"]
[Result "1-0"]
[WhiteElo "1890"]
[BlackElo "1865"]
[Opening "Réti opening"]
[ECO "A05"]
[Time "18:00:47"]
[TimeControl "2700+45"]

1. Nf3 Nf6 2. b3 d6 3. Bb2 Nbd7 4. d3 g6 5. g3 Bg7 6. Bg2 O-O 7. O-O a5 8. a4 c6
9. Na3 Qc7 10. e3 Nc5 11. Qe2 Bg4 12. h3 Bd7 13. d4 Nce4 14. c4 h5 15. Rfd1 Qb6
16. Qc2 Bf5 17. Nh4 Nxg3 18. Nxf5 Nxf5 19. c5 dxc5 20. dxc5 Qb4 21. e4 Nh4 22.
Rd4 Nxg2 23. Kxg2 Nd5 24. Rxb4 Nxb4 25. Qe2 Bh6 26. Nc4 Rad8 27. Rd1 Bg5 28.
Nxa5 Ra8 29. Nc4 Rfd8 30. Bc3 Na6 31. b4 Nc7 32. Kg3 Ne6 33. Nb6 Rxd1 34. Qxd1
Rd8 35. Nd7 Nf8 36. Nf6+ Kg7 37. Qxd8 Bf4+ 38. Kf3 e5 {Black resigns} 1-0

[Event "Team 45 45 League T41"]
[Site "Internet Chess Club"]
[Date "2009.05.30"]
[Round "5"]
[White "fishhead"]
[Black "cesaralexander"]
[Result "1/2-1/2"]
[WhiteElo "1875"]
[BlackElo "1988"]
[Opening "French: Tarrasch, open variation"]
[ECO "C07"]
[Time "22:11:58"]
[TimeControl "2700+45"]

1. e4 e6 2. d4 d5 3. Nd2 c5 4. c3 Nc6 5. Bb5 a6 6. Bxc6+ bxc6 7. Ne2 cxd4 8.
cxd4 Nf6 9. e5 Nd7 10. O-O c5 11. Nf3 Be7 12. dxc5 Bxc5 13. Ned4 O-O 14. Bg5 Qb6
15. Nb3 a5 16. Rc1 Re8 17. Nxc5 Nxc5 18. Be3 Qxb2 19. Rc2 Qb4 20. Bxc5 Qb5 21.
Nd4 Qa4 22. Rb2 Qc4 23. Qc2 Ba6 24. Qxc4 Bxc4 25. Rfb1 Rec8 26. Bd6 Bd3 27. Rd1
Bc4 28. f4 a4 29. a3 h6 30. g4 Ba6 31. f5 Rc3 32. fxe6 fxe6 33. Nxe6 Bc8 34. Nc7
Bxg4 35. Rxd5 Rc8 36. Nb5 Rc1+ 37. Kf2 Be6 38. Rdd2 Rh1 39. Ke3 Rcc1 40. Nd4
Rce1+ 41. Re2 Bc4 42. Rxe1 Rxe1+ 43. Ne2 Kf7 44. Kd2 Rxe2+ 45. Kc3 Rxb2 46. Kxb2
g5 47. Kc3 Bb3 48. Kd4 Ke6 49. Ke4 h5 50. Kf3 Bd1+ 51. Kg3 Kf5 52. Bc7 h4+ 53.
Kf2 g4 54. Kg2 Bb3 55. Kf2 Ke4 56. Bd6 Be6 57. Bc7 Kf4 58. Bd6 g3+ 59. hxg3+
hxg3+ 60. Kg1 {Game drawn by mutual agreement} 1/2-1/2

[Event "Team 45 45 League T41"]
[Site "Internet Chess Club"]
[Date "2009.05.29"]
[Round "5"]
[White "natethegreat"]
[Black "playwaycool"]
[Result "0-1"]
[WhiteElo "1804"]
[BlackElo "2117"]
[Opening "Two knights defense"]
[ECO "C56"]
[Time "18:03:25"]
[TimeControl "2700+45"]

1. e4 e5 2. Nf3 Nc6 3. Bc4 Nf6 4. d4 exd4 5. O-O Nxe4 6. Re1 d5 7. Bxd5 Qxd5 8.
Nc3 Qh5 9. Nxe4 Be6 10. Nxd4 Qxd1 11. Rxd1 O-O-O 12. Be3 Nxd4 13. Bxd4 Bf5 14.
Ng5 Bg6 15. Rac1 c5 16. Be3 Be7 17. h3 Bf6 18. c3 b6 19. Nf3 Kb7 20. Bg5 Bxg5
21. Nxg5 Kc6 22. f4 h6 23. Nf3 f6 24. Nh4 Be4 25. Re1 Rhe8 26. Re2 Bd3 27. Rf2
Re3 28. Rd1 Rde8 29. Nf3 Be2 30. Rd2 Bxf3 31. gxf3 R8e7 32. Rd8 Rd7 33. Rxd7
Kxd7 34. Rd2+ Kc7 35. Kf2 Re6 36. c4 Rd6 37. Rc2 Kd7 38. b3 g6 39. h4 Ke6 40.
Re2+ Kf5 41. Kg3 a5 42. Rb2 Rd4 43. h5 gxh5 44. Rh2 Kg6 45. Rg2 a4 46. Kh4+ Kf5
47. Kxh5 axb3 48. axb3 Rd3 49. Kxh6 Rxf3 50. Kg7 Rxb3 51. Rg6 Kxf4 52. Kxf6 b5
53. cxb5 Rxb5 {White resigns} 0-1

[Event "Team 45 45 League T41"]
[Site "Internet Chess Club"]
[Date "2009.05.28"]
[Round "5"]
[White "bobhill"]
[Black "vkpanch"]
[Result "1-0"]
[WhiteElo "2064"]
[BlackElo "1650"]
[Opening "King's Indian: Torre attack"]
[ECO "A48"]
[Time "22:30:44"]
[TimeControl "2700+45"]

1. d4 Nf6 2. Nf3 g6 3. Bg5 Bg7 4. Nbd2 d6 5. e4 O-O 6. c3 Nbd7 7. Qc2 e5 8. dxe5
dxe5 9. Bc4 c6 10. b4 a5 11. a3 Qc7 12. O-O b5 13. Ba2 c5 14. c4 cxb4 15. axb4
axb4 16. c5 Qxc5 17. Qxc5 Nxc5 18. Bxf7+ Kxf7 19. Rxa8 Nfxe4 20. Be3 b3 21. Rb1
Nc3 22. Bxc5 Nxb1 23. Bxf8 Nxd2 24. Nxd2 Bb7 25. Ra7 Kxf8 26. Rxb7 b2 27. Rxb5
e4 28. Nc4 Ke7 29. Nxb2 Kd6 30. Nc4+ Kc6 31. Rb8 Kc5 32. Ne3 Be5 33. Rd8 Bd4 34.
Rd5+ Kc6 35. Rxd4 {Black resigns} 1-0

[Event "Team 45 45 League T41"]
[Site "Internet Chess Club"]
[Date "2009.05.29"]
[Round "5"]
[White "avila"]
[Black "vollmerj"]
[Result "1-0"]
[WhiteElo "1802"]
[BlackElo "1724"]
[Opening "Alekhine's defense: exchange variation"]
[ECO "B02"]
[Time "19:00:21"]
[TimeControl "2700+45"]

1. e4 Nf6 2. e5 Nd5 3. c4 Nb6 4. d4 d6 5. exd6 cxd6 6. Nf3 g6 7. Be2 Bg7 8. O-O
O-O 9. b3 Nc6 10. Bb2 Bf5 11. Nbd2 Re8 12. Re1 e5 13. d5 Nb4 14. Rf1 Bd3 15. Ne1
e4 16. Bxg7 Kxg7 17. Bxd3 Nxd3 18. Nxd3 exd3 19. Nf3 Nd7 20. Qxd3 Nc5 21. Qd4+
Qf6 22. Rfe1 Nd7 23. Qxf6+ Kxf6 24. Rxe8 Rxe8 25. Re1 Ne5 26. Nxe5 Rxe5 27. Kf1
Rh5 28. h3 Re5 29. Rxe5 Kxe5 30. Ke2 Kd4 31. Kd2 a5 32. f3 f5 33. g3 g5 34. h4
gxh4 35. gxh4 h5 36. Ke2 b6 37. Kd2 Ke5 38. Ke3 f4+ 39. Kd3 b5 40. cxb5 Kxd5 41.
a4 Kc5 42. Ke4 d5+ 43. Kxf4 Kd6 44. Ke3 Kc5 45. f4 d4+ 46. Kd3 Kd5 {Black
resigns} 1-0

[Event "Team 45 45 League T41"]
[Site "Internet Chess Club"]
[Date "2009.05.31"]
[Round "5"]
[White "Knight77"]
[Black "chess92192"]
[Result "0-1"]
[WhiteElo "1917"]
[BlackElo "1984"]
[Opening "Réti: King's Indian attack"]
[ECO "A07"]
[Time "16:49:38"]
[TimeControl "2700+45"]

1. Nf3 d5 2. g3 g6 3. Bg2 Bg7 4. O-O c5 5. d3 Nc6 6. Nbd2 e6 7. e4 Nge7 8. Re1
O-O 9. e5 Qc7 10. Qe2 b5 11. Nf1 Nf5 12. c3 b4 13. g4 Nfe7 14. d4 cxd4 15. cxd4
Qb6 16. Be3 a5 17. Rec1 Ba6 18. Qd2 Rfc8 19. h4 b3 20. a3 a4 21. Bh6 Nxd4 22.
Nxd4 Bxh6 23. g5 Bg7 24. Qe3 Qd8 25. Ng3 Rxc1+ 26. Rxc1 Rc8 27. Rxc8 Qxc8 28. h5
Nc6 29. Nxc6 Qxc6 30. f4 Bf8 31. Kh2 Qc5 32. Qd2 Qc2 33. Qd4 Bc4 34. h6 Qd3 35.
Qf2 Qc2 36. Qd4 Bb5 37. Qb6 Qc5 38. Qb8 Bd3 39. Qa8 Qd4 40. Kh3 Qxf4 41. Qa7
Qxg5 42. Qd4 Qxh6+ 43. Kg4 Bf5+ 44. Kf3 Qc1 45. Nxf5 gxf5 46. Qxa4 Qxb2 47. Qf4
Qc3+ 48. Ke2 Qc2+ 49. Kf1 Qd1+ 50. Kf2 Bc5+ 51. Kg3 Qg4+ 52. Qxg4+ fxg4 53. Bf1
b2 54. Bd3 Bxa3 55. Kxg4 Kg7 56. Kg5 Bc5 57. Bc2 Bd4 58. Kf4 h5 59. Kg5 Bxe5 60.
Kxh5 Kf6 61. Kg4 Bd6 62. Kf3 Ke5 63. Ke2 Kd4 64. Bb1 Bf4 65. Kf3 e5 66. Bh7 e4+
{White resigns} 0-1

[Event "Team 45 45 League T41"]
[Site "Internet Chess Club"]
[Date "2009.05.29"]
[Round "5"]
[White "SilverBlade"]
[Black "CHESSISTA1"]
[Result "1/2-1/2"]
[WhiteElo "1694"]
[BlackElo "1694"]
[Opening "Sicilian: Pelikan (Lasker/Sveshnikov) variation"]
[ECO "B33"]
[Time "21:31:12"]
[TimeControl "2700+45"]

1. e4 c5 2. Nf3 Nc6 3. d4 cxd4 4. Nxd4 Nf6 5. Nc3 e5 6. Nxc6 bxc6 7. a3 d5 8.
exd5 cxd5 9. Bb5+ Bd7 10. Bxd7+ Qxd7 11. O-O d4 12. Ne2 Bd6 13. Bg5 Ne4 14. Bc1
O-O 15. Re1 Nc5 16. Ng3 Rfe8 17. Qf3 g6 18. b4 Ne6 19. Ne4 Be7 20. Nf6+ Bxf6 21.
Qxf6 Rac8 {Game drawn by mutual agreement} 1/2-1/2

[Event "Team 45 45 League T41"]
[Site "Internet Chess Club"]
[Date "2009.05.30"]
[Round "5"]
[White "John3v16"]
[Black "Kravier"]
[Result "1-0"]
[WhiteElo "1693"]
[BlackElo "1671"]
[Opening "Sicilian: O'Kelly variation"]
[ECO "B28"]
[Time "23:31:00"]
[TimeControl "2700+45"]

1. e4 c5 2. Nf3 a6 3. c4 Nc6 4. Nc3 e6 5. d4 cxd4 6. Nxd4 Bb4 7. Nxc6 Bxc3+ 8.
bxc3 bxc6 9. Qd4 Qf6 10. e5 Qd8 11. Ba3 Ne7 12. Bd3 Bb7 13. O-O Rb8 14. Qd6 Ng6
15. Rab1 f5 16. Rfd1 Kf7 17. Be2 Nf8 18. Bf3 Qc8 19. Rb2 h6 20. Qe7+ Kg6 21. Bd6
Ra8 22. Rdb1 Rb8 23. Bxb8 Qxb8 24. Qd6 Qxd6 25. exd6 Bc8 26. Rb8 Nh7 27. Ra8 Ng5
28. Rbb8 Nf7 29. c5 Ng5 30. Rxc8 Nxf3+ 31. gxf3 Rxc8 32. Rxc8 Kg5 33. Rc7 Kf4
34. Rxd7 Kxf3 35. Rxg7 e5 36. d7 e4 {Black resigns} 1-0

[Event "Team 45 45 League T41"]
[Site "Internet Chess Club"]
[Date "2009.06.01"]
[Round "5"]
[White "CKNIGHT3"]
[Black "andrew0311"]
[Result "1-0"]
[WhiteElo "1582"]
[BlackElo "1386"]
[Opening "QGD: 3...Nf6"]
[ECO "D35"]
[Time "19:31:20"]
[TimeControl "2700+45"]

1. d4 d5 2. c4 Nf6 3. Nc3 e6 4. a3 Nc6 5. Nf3 dxc4 6. e4 Be7 7. Bxc4 O-O 8. O-O
a6 9. Re1 b5 10. Ba2 Bb7 11. d5 exd5 12. exd5 Na5 13. b4 Nc4 14. Bxc4 bxc4 15.
Qe2 Re8 16. Qxc4 Nxd5 17. Rd1 c6 18. Bb2 Qc7 19. Nxd5 Qb8 20. Nb6 Ra7 21. Be5
Qxe5 22. Nxe5 Bf6 23. Qxf7+ Kh8 24. Qxe8# {Black checkmated} 1-0

[Event "Team 45 45 League T41"]
[Site "Internet Chess Club"]
[Date "2009.05.31"]
[Round "5"]
[White "cazj"]
[Black "DrOMM"]
[Result "1-0"]
[WhiteElo "1346"]
[BlackElo "1297"]
[Opening "Caro-Kann: advance variation"]
[ECO "B12"]
[Time "15:32:58"]
[TimeControl "2700+45"]

1. e4 c6 2. d4 d5 3. e5 Bf5 4. Nf3 e6 5. Bf4 c5 6. Bb5+ Nc6 7. O-O a6 8. Bxc6+
bxc6 9. c3 h6 10. Nbd2 Qb6 11. Nb3 cxd4 12. cxd4 Ne7 13. Rc1 g5 14. Bd2 Ng6 15.
Ba5 Qb5 16. Rc3 Rc8 17. Ne1 Nf4 18. Nc2 Ne2+ 19. Kh1 Nxc3 20. Bxc3 Qa4 21. Ne3
Bg6 22. Ng4 Be7 23. Nf6+ Bxf6 24. exf6 h5 25. Qd2 Qxa2 26. Nc5 Qc4 27. Re1 Be4
28. Qxg5 Bg6 29. Qe5 Rd8 30. Nxe6 fxe6 31. Qxe6+ Kf8 32. Qe7+ Kg8 33. Qg7#
{Black checkmated} 1-0

[Event "Team 45 45 League T41"]
[Site "Internet Chess Club"]
[Date "2009.05.28"]
[Round "5"]
[White "KingOfHearts"]
[Black "rayspokemon"]
[Result "0-1"]
[WhiteElo "1282"]
[BlackElo "1331"]
[Opening "Giuoco Pianissimo: Italian four knights variation"]
[ECO "C50"]
[Time "19:00:13"]
[TimeControl "2700+45"]

1. e4 e5 2. Nf3 Nc6 3. Bc4 Bc5 4. Nc3 Nf6 5. d3 h6 6. O-O O-O 7. Be3 Bb6 8. Nh4
d6 9. Ng6 Re8 10. Nd5 Nxd5 11. Bxd5 Be6 12. Qh5 fxg6 13. Qxg6 Qf6 14. Qxf6 gxf6
15. Bxh6 Kh7 16. Bd2 Bxd5 17. exd5 Nd4 18. c3 Nf5 19. Kh1 Rg8 20. d4 Nh4 21. Rg1
exd4 22. Be1 dxc3 23. Bxc3 f5 24. Be1 Rg6 25. h3 Rag8 26. g4 fxg4 27. Rxg4 Rxg4
28. Bc3 Rg2 29. Rf1 Nf3 {White resigns} 0-1

[Event "Team 45 45 League T41"]
[Site "Internet Chess Club"]
[Date "2009.05.31"]
[Round "5"]
[White "rayonline53"]
[Black "knight2f3"]
[Result "0-1"]
[WhiteElo "1480"]
[BlackElo "1519"]
[Opening "Alekhine's defense"]
[ECO "B03"]
[Time "15:11:23"]
[TimeControl "2700+45"]

1. e4 Nf6 2. e5 Nd5 3. d4 d6 4. c4 Nb6 5. Nf3 Bg4 6. Nbd2 Nc6 7. exd6 exd6 8. d5
Ne5 9. b3 Be7 10. Be2 Nxf3+ 11. Nxf3 Bf6 12. Rb1 Bf5 13. Bd3 Qe7+ 14. Qe2 Bxd3
{White resigns} 0-1

[Event "Team 45 45 League T41"]
[Site "Internet Chess Club"]
[Date "2009.06.01"]
[Round "5"]
[White "Mutaant"]
[Black "NXS"]
[Result "1-0"]
[WhiteElo "1452"]
[BlackElo "1404"]
[Opening "French: Two knights variation"]
[ECO "C00"]
[Time "19:05:23"]
[TimeControl "2700+45"]

1. e4 e6 2. Nf3 d5 3. Nc3 c5 4. exd5 exd5 5. Bb5+ Nc6 6. d3 Be7 7. O-O Nf6 8. h3
O-O 9. Bxc6 bxc6 10. Bf4 h6 11. Re1 Be6 12. Qd2 Qd7 13. Ne5 Qb7 14. b3 Rac8 15.
Re2 Bd8 16. Na4 Qe7 17. Rae1 d4 18. Ng6 fxg6 19. Rxe6 Qf7 20. Nxc5 Nh5 21. Bd6
Bg5 22. Qe2 Nf4 23. Bxf4 Qxf4 24. Rxg6 Kh8 25. Re6 Bh4 26. g3 Bxg3 27. fxg3
Qxg3+ 28. Qg2 Qh4 29. Re7 Rg8 30. R1e4 Qf6 31. Rxa7 Rcd8 32. Ree7 Rd6 33. Ne4
Qh4 34. Nxd6 g5 35. Rh7# {Black checkmated} 1-0

[Event "Team 45 45 League T41"]
[Site "Internet Chess Club"]
[Date "2009.06.02"]
[Round "5"]
[White "SeniorCitizen"]
[Black "beerss"]
[Result "0-1"]
[WhiteElo "1331"]
[BlackElo "1392"]
[Opening "French: advance variation"]
[ECO "C02"]
[Time "13:09:41"]
[TimeControl "2700+45"]

1. e4 e6 2. d4 d5 3. e5 c5 4. c3 cxd4 5. cxd4 Be7 6. Nf3 Bb4+ 7. Nc3 Nc6 8. Bb5
Bd7 9. Qa4 Qb6 10. a3 Bxc3+ 11. bxc3 Nge7 12. O-O O-O 13. Bd2 Rfd8 14. Rfb1 Qc7
15. Qc2 a6 16. Bd3 Nf5 17. Bxf5 exf5 18. Qc1 Be6 19. Bh6 Qe7 20. Qg5 Qxg5 21.
Bxg5 Rdb8 22. Nd2 h6 23. Be3 b5 24. f4 Na5 25. Ra2 Nc4 26. Nxc4 dxc4 27. Rd2 Bd5
28. Rdb2 Be4 29. Rc1 Bd5 30. h3 Kh7 31. Kf2 Kg6 32. g4 fxg4 33. hxg4 f5 34.
gxf5+ Kxf5 35. Rg1 g6 36. Kg3 Rg8 37. Kf2 Ke4 38. Rd2 Kf5 39. Rc2 Rab8 40. Rb2
Ke4 41. Rd1 Kf5 42. Re2 a5 43. Rb2 g5 44. fxg5 hxg5 45. Rg1 g4 46. Kg3 Ke4 47.
Bd2 Be6 48. Rf1 Bd5 49. Re1+ Kf5 50. Bf4 Rh8 51. Ree2 Rh3+ {White resigns} 0-1

[Event "Team 45 45 League T41"]
[Site "Internet Chess Club"]
[Date "2009.05.30"]
[Round "5"]
[White "seldredg"]
[Black "chips"]
[Result "1/2-1/2"]
[WhiteElo "1442"]
[BlackElo "1223"]
[Opening "English opening"]
[ECO "A20"]
[Time "21:20:59"]
[TimeControl "2700+45"]

1. c4 e5 2. g3 Nc6 3. Bg2 Nf6 4. Nc3 Bc5 5. a3 O-O 6. b4 Bd4 7. Bb2 a6 8. e3
Bxc3 9. Bxc3 d6 10. h3 Be6 11. d3 d5 12. c5 b5 13. Nf3 e4 14. Ne5 Nxe5 15. Bxe5
exd3 16. Qxd3 c6 17. O-O Nd7 18. Bd6 Re8 19. f4 f6 20. f5 Bf7 21. Rf4 Ne5 22.
Bxe5 Rxe5 23. Rd4 Qd7 24. Rf1 Rae8 25. e4 Qe7 26. Rf4 dxe4 27. Bxe4 Bc4 28. Qd1
Qc7 29. Qf3 Rd8 30. Bd3 Bxd3 31. Qxd3 Rxd4 32. Rxd4 Re8 33. Kf2 a5 34. Rd7 Qe5
35. Kf3 axb4 36. axb4 h6 37. Rd8 Rxd8 38. Qxd8+ Kh7 39. Qd3 Qb2 40. Qe4 Qb3+ 41.
Kf4 {Game drawn by mutual agreement} 1/2-1/2

[Event "Team 45 45 League T41"]
[Site "Internet Chess Club"]
[Date "2009.06.01"]
[Round "5"]
[White "MaMi98"]
[Black "clarinetref"]
[Result "1-0"]
[WhiteElo "1723"]
[BlackElo "1724"]
[Opening "Modern defense"]
[ECO "A40"]
[Time "19:02:57"]
[TimeControl "2700+45"]

1. d4 g6 2. Nf3 Bg7 3. Bf4 d6 4. e3 Nf6 5. h3 O-O 6. Be2 Re8 7. Nbd2 Nbd7 8. c3
c5 9. O-O cxd4 10. cxd4 e5 11. dxe5 dxe5 12. Bg5 Qb6 13. Nc4 Qd8 14. Qb3 Nc5 15.
Qb5 b6 16. Qc6 Bb7 17. Qd6 e4 18. Nd4 h6 19. Bh4 g5 20. Bg3 Bf8 21. Qxd8 Raxd8
22. Rfd1 Bd5 23. Nf5 Kh7 24. Ncd6 Bxd6 25. Nxd6 Re7 26. Nb5 Rdd7 27. Nc3 a6 28.
b4 Nd3 29. Bxd3 exd3 30. Rxd3 Bc4 31. Rdd1 Rxd1+ 32. Rxd1 Rd7 33. Rd4 Rxd4 34.
exd4 Nd5 35. Nxd5 Bxd5 36. a3 f6 37. Bc7 b5 38. Kf1 Kg6 39. g3 Kf5 40. Ke2 Ke4
41. Bb6 Be6 42. f3+ Kd5 43. h4 g4 44. fxg4 Bxg4+ 45. Ke3 h5 46. Kf4 Bd7 47. Ke3
Bg4 48. Bd8 Ke6 49. Ke4 Bf5+ 50. Kf4 Bd3 51. g4 hxg4 52. Kxg4 Be2+ 53. Kf4 Bh5
54. Ke4 f5+ 55. Kf4 Bg4 56. Kg5 Kd5 57. Bf6 Bd1 58. Kxf5 Bh5 59. Kg5 Bf7 60. h5
Ke6 61. h6 Bg8 62. Kg6 Bf7+ 63. Kg7 Bg8 64. Be5 Bf7 65. h7 {Black resigns} 1-0

[Event "Team 45 45 League T41"]
[Site "Internet Chess Club"]
[Date "2009.05.29"]
[Round "5"]
[White "tightfist"]
[Black "tiki5140"]
[Result "0-1"]
[WhiteElo "1643"]
[BlackElo "1435"]
[Opening "Nimzovich-Larsen attack: English variation"]
[ECO "A01"]
[Time "20:00:08"]
[TimeControl "2700+45"]

1. b3 c5 2. Bb2 Nc6 3. e4 e6 4. c4 a6 5. Nf3 Nf6 6. d3 d5 7. e5 Nd7 8. cxd5 exd5
9. d4 cxd4 10. Bxd4 Nxd4 11. Qxd4 Nc5 12. Nc3 Be6 13. Be2 h5 14. O-O h4 15. b4
Nd7 16. Nxd5 Nxe5 17. Qxe5 Qxd5 18. Qxd5 Bxd5 19. b5 h3 20. Rfd1 Be6 21. Ng5 Bc8
22. Bc4 f6 23. Bf7+ Ke7 24. Re1+ Kd7 25. Rad1+ Kc7 26. Ne6+ Bxe6 27. Bxe6 hxg2
28. Rd7+ Kb6 29. bxa6 Rxa6 30. Rb1+ Ka5 31. Rdxb7 Rxe6 32. R7b5+ Ka6 33. Rb8 Ka7
34. R1b7+ Ka6 35. Rf7 Re1+ 36. Kxg2 Rxh2+ 37. Kf3 Bc5 38. Ra8+ Kb6 39. Rb8+ Kc6
40. Rc8+ Kd6 41. Rd8+ Ke6 42. Rxg7 Rxf2+ 43. Kg4 Rg1+ 44. Kh3 Rxg7 45. Re8+ Kf7
46. Rc8 Bd6 {White resigns} 0-1

[Event "Team 45 45 League T41"]
[Site "Internet Chess Club"]
[Date "2009.05.30"]
[Round "5"]
[White "rocket"]
[Black "tryanything"]
[Result "1/2-1/2"]
[WhiteElo "1264"]
[BlackElo "1554"]
[Opening "Four knights: Ranken variation"]
[ECO "C48"]
[Time "17:58:25"]
[TimeControl "2700+45"]

1. e4 e5 2. Nf3 Nc6 3. Nc3 Nf6 4. Bb5 a6 5. Bxc6 dxc6 6. d3 Bg4 7. h3 Bh5 8. O-O
Bd6 9. Be3 Qd7 10. Bg5 h6 11. Bxf6 gxf6 12. Qe2 Rg8 13. Kh2 O-O-O 14. Qe3 Kb8
15. Nd2 f5 16. Nc4 f4 17. Qc1 Be7 18. Nxe5 Qe6 19. Nc4 Bg5 20. f3 Qg6 21. Ne5
Qg7 22. Ng4 Bxg4 23. hxg4 h5 24. gxh5 Rh8 25. Kg1 Rxh5 26. Ne2 Qh6 27. Kf2 Rh8
28. Rg1 Rh2 29. Ke1 Rh1 30. Kd2 Rh2 31. Qf1 Qd6 32. b3 Qc5 33. d4 Rd8 34. c3 f5
35. b4 Qe7 36. Kd3 fxe4+ 37. fxe4 Rh4 38. Qf3 c5 39. a3 cxd4 40. cxd4 {Game
drawn by mutual agreement} 1/2-1/2

[Event "Team 45 45 League T41"]
[Site "Internet Chess Club"]
[Date "2009.05.29"]
[Round "5"]
[White "BrerRabbit"]
[Black "BigH"]
[Result "0-1"]
[WhiteElo "1570"]
[BlackElo "1748"]
[Opening "English: Caro-Kann defensive system"]
[ECO "A11"]
[Time "10:46:02"]
[TimeControl "2700+45"]

1. c4 c6 2. g3 d5 3. Bg2 Nf6 4. Nf3 dxc4 5. Qc2 Nbd7 6. Qxc4 Nb6 7. Qc2 g6 8.
Nc3 Bg7 9. d3 O-O 10. Bg5 h6 11. Bd2 Be6 12. O-O Rc8 13. Rac1 Kh7 14. Qb1 Ne8
15. Ne4 Nd7 16. Bc3 Nd6 17. Bxg7 Kxg7 18. Nfd2 f5 19. Nc5 Bg8 20. b3 e5 21. Qb2
Kh7 22. f4 exf4 23. Rxf4 Nf6 24. e4 Nh5 25. Rf2 fxe4 26. Rxf8 Qxf8 27. dxe4 b6
28. Nd3 c5 29. Rf1 Qg7 30. Qxg7+ Nxg7 31. Rf6 Nb5 32. Nc4 Nc3 33. a3 Ne8 34. Rf2
b5 35. Rc2 bxc4 36. Rxc3 cxd3 37. Rxd3 Rc7 38. Re3 Nd6 39. e5 Nf5 40. Re1 Be6
41. Rd1 Bxb3 {White resigns} 0-1

[Event "Team 45 45 League T41"]
[Site "Internet Chess Club"]
[Date "2009.06.01"]
[Round "5"]
[White "jericho121"]
[Black "bmw2002"]
[Result "0-1"]
[WhiteElo "1511"]
[BlackElo "1593"]
[Opening "Caro-Kann: Panov-Botvinnik, normal variation"]
[ECO "B13"]
[Time "11:02:41"]
[TimeControl "2700+45"]

1. e4 c6 2. d4 d5 3. exd5 cxd5 4. c4 Nf6 5. Nc3 Nc6 6. Bg5 e6 7. Nf3 Be7 8. cxd5
Nxd5 9. Bxe7 Ncxe7 10. Bc4 O-O 11. O-O b6 12. Nxd5 Nxd5 13. Bxd5 Qxd5 14. Re1
Bb7 15. Qd3 f6 16. b3 Rac8 17. Rac1 e5 18. Qf5 g6 19. Qh3 Rxc1 20. Rxc1 Rf7 21.
dxe5 fxe5 22. Qg3 Qd3 23. Nxe5 Qd2 24. Qe3 Rxf2 25. Qxd2 Rxd2 26. Rc7 Bxg2 27.
Rxa7 Bh3 28. Nc4 Rg2+ 29. Kh1 Rf2 30. Nxb6 Rf1# {White checkmated} 0-1

[Event "Team 45 45 League T41"]
[Site "Internet Chess Club"]
[Date "2009.05.30"]
[Round "5"]
[White "Zyme"]
[Black "cysk"]
[Result "0-1"]
[WhiteElo "1455"]
[BlackElo "1593"]
[Opening "QGD Slav: 4.Nc3"]
[ECO "D15"]
[Time "22:06:53"]
[TimeControl "2700+45"]

1. d4 d5 2. c4 c6 3. Nf3 Nf6 4. Nc3 a6 5. e3 b5 6. cxd5 cxd5 7. Bd3 e6 8. O-O
Bb7 9. Re1 Nbd7 10. e4 dxe4 11. Nxe4 Nxe4 12. Bxe4 Bxe4 13. Rxe4 Be7 14. d5 Nf6
15. Re5 Nxd5 16. Bd2 O-O 17. Rc1 Bf6 18. Rh5 g6 19. Rh3 Bxb2 20. Rb1 Nc3 21. Qc2
Nxb1 {White resigns} 0-1

[Event "Team 45 45 League T41"]
[Site "Internet Chess Club"]
[Date "2009.06.01"]
[Round "5"]
[White "AngryPirate"]
[Black "zepled37"]
[Result "1-0"]
[WhiteElo "1455"]
[BlackElo "1606"]
[Opening "Sicilian: Grand Prix attack"]
[ECO "B23"]
[Time "20:02:09"]
[TimeControl "2700+45"]

1. e4 c5 2. Nc3 Nc6 3. f4 e6 4. Nf3 d5 5. Bb5 Bd7 6. exd5 exd5 7. Nxd5 a6 8.
Bxc6 Bxc6 9. Qe2+ Ne7 10. Nxe7 Bxe7 11. Ne5 Bd5 12. c4 Be6 13. O-O O-O 14. Kh1
f6 15. Nc6 Bxc4 16. Nxe7+ Kh8 17. Qxc4 Qxe7 18. b3 Rad8 19. f5 Qe5 20. Ba3 b6
21. Rae1 Qc7 22. Re2 a5 23. Bb2 Rd6 24. Qe4 Qd7 25. Rd1 Kg8 26. a4 Rd3 27. Qe6+
Qf7 28. Bc3 Rfd8 29. Qxf7+ Kxf7 30. Rde1 R8d7 31. Re6 Rb7 32. h3 Rd5 33. g4 Rd3
34. Kg2 g6 35. Rxf6+ {Black resigns} 1-0

[Event "Team 45 45 League T41"]
[Site "Internet Chess Club"]
[Date "2009.05.30"]
[Round "5"]
[White "bobhill"]
[Black "Ser-Enigma"]
[Result "1-0"]
[WhiteElo "2085"]
[BlackElo "2144"]
[Opening "Torre attack (Tartakower variation)"]
[ECO "D03"]
[Time "09:05:23"]
[TimeControl "2700+45"]

1. d4 d5 2. Nf3 Nf6 3. Bg5 Ne4 4. Bf4 Bf5 5. e3 e6 6. Nbd2 Nd7 7. Nxe4 dxe4 8.
Ne5 h5 9. h4 Nxe5 10. Bxe5 f6 11. Bf4 Bd6 12. Bxd6 Qxd6 13. a3 O-O-O 14. c4 e5
15. d5 Kb8 16. Be2 c6 17. dxc6 Qxc6 18. Qc2 Bg4 19. b4 Bxe2 20. Kxe2 Rd3 21.
Rhd1 Rhd8 22. a4 Qe6 23. f3 exf3+ 24. gxf3 e4 25. Kf2 Qh3 26. Rxd3 Qxh4+ 27. Kg2
Rxd3 28. Qf2 Qg5+ 29. Kh2 Rxe3 30. f4 Re2 31. Qxe2 Qxf4+ 32. Kg2 h4 33. Rf1 Qg5+
34. Kh1 f5 35. c5 Qf6 36. b5 Kc8 37. a5 Kd7 38. Rd1+ Ke7 39. Qd2 Qe5 40. Qg5+
{Black resigns} 1-0